 Dungeon Sprint DCSS version 0.29-a0-732-g3d7fbe0af2 (webtiles) character file.

Game seed: 17119641972032311650

2452 mhtbhm the Imperceptible (level 9, -6/34 HPs)
             Began as a Felid Enchanter on June 29, 2022.
             Was the Champion of Dithmenos.
             Killed by divine providence
             ... invoked by an orc high priest
              (13 damage)
             ... in the Dungeon (Sprint III: "The Ten Rune Challenge").
             The game lasted 00:05:52 (946 turns).

mhtbhm the Imperceptible (Felid Enchanter)           Turns: 946, Time: 00:05:52

Health: -6/34      AC:  2    Str:  4    XL:     9   Next: 25%
Magic:  7/23       EV: 23    Int: 17    God:    Dithmenos [******]
Gold:   41         SH:  0    Dex: 21    Spells: 11/26 levels left
                                        Lives:  0   Deaths: 2

rFire   . . .      SeeInvis +     - Unarmed
rCold   . . .      Faith    .   (shield unavailable)
rNeg    . . .      Spirit   .   (body armour unavailable)
rPois   .          Reflect  .   (helmet unavailable)
rElec   .          Harm     .   (cloak unavailable)
rCorr   .          Rampage  .   (gloves unavailable)
Will    +....      NoTele   +   (boots unavailable) Stlth *****+++++
                                (no amulet)
HPRegen 0.11/turn               (no ring)
MPRegen 0.18/turn               (no ring)

@: confusing by touch, weakened, wreathed by umbra, quick
A: very small, claws 1, fangs 3, see invisible, speed 1, shaggy fur 2, stealthy
paws, no weapons or thrown items, no armour, multi-lived
a: Renounce Religion, Shadow Step, Shadow Form


You were in the Dungeon.
You worshipped Dithmenos.
Dithmenos was exalted by your worship.
You visited 1 branch You collected 41 gold pieces.

Inventory:

Scrolls
 g - a scroll of blinking
 h - a scroll of immolation {unknown}
 i - 3 scrolls of identify
 l - a scroll of poison {unknown}
Potions
 b - a potion of curing
 e - 2 potions of magic
 f - 4 potions of mutation {unknown}
 j - 2 potions of lignification {unknown}
 k - a potion of flight {unknown}
 m - a potion of berserk rage
Miscellaneous
 n - a tin of tremorstones (2/2)


   Skills:
 + Level 0.5 Fighting
 + Level 7.8 Dodging
 + Level 22.3 Stealth
 + Level 10.8 Unarmed Combat
 + Level 9.4 Spellcasting
 + Level 2.6 Conjurations
 + Level 15.5 Hexes
 + Level 3.6 Ice Magic
 * Level 6.5 Invocations


You had 11 spell levels left.
You knew the following spells:

 Your Spells              Type           Power      Damage    Failure   Level
a - Ensorcelled Hibernat  Hex/Ice        80%        N/A       1%          2
b - Confusing Touch       Hex            57%        N/A       1%          3
c - Tukima's Dance        Hex            57%        N/A       1%          3
d - Dazzling Flash        Conj/Hex       78%        N/A       1%          3
e - Fulminant Prism       Conj/Hex       19%        3d11      2%          4

Your spell library contained the following spells:

 Spells                   Type           Power      Damage    Failure   Level
 Magic Dart               Conj           68%        1d6       3%          1
 Searing Ray              Conj           34%        2d5       4%          2


Dungeon Overview and Level Annotations

Branches:
Dungeon (1/1)

Altars:
Cheibriados
Dithmenos
Elyvilon
Fedhas
Gozag
Hepliaklqana
Kikubaaqudgha
Makhleb
Nemelex Xobeh
Okawaru
Qazlal
Ru
Sif Muna
Trog
Uskayaw
Vehumet
Wu Jian
Xom
Yredelemnul
Zin
The Shining One
Beogh
Jiyva
Lugonu


Innate Abilities, Weirdness & Mutations

You have sharp claws.
You have razor-sharp teeth.
You have supernaturally acute eyesight. (SInv)
You cover ground quickly. (Speed+)
You are covered in thick fur. (AC +2)
Your paws help you pounce on unaware monsters.
You are incapable of wielding weapons or throwing items.
You cannot wear armour.
You gain extra lives every three experience levels.


Message History

Aiming: Ensorcelled Hibernation (safe; 1% risk of failure)
Press: ? - help, Shift-Dir - straight line, f/p - orc high priest
Aim: an orc high priest, wielding a +0 flail (moderately wounded, umbra, chance to affect: 31%)
The orc high priest easily resists.
The orc high priest utters an invocation to Beogh.
The orc misses you.
Casting: Ensorcelled Hibernation (safe; 1% risk of failure)
Confirm with . or Enter, or press ? or * to list all spells.
Aiming: Ensorcelled Hibernation (safe; 1% risk of failure)
Press: ? - help, Shift-Dir - straight line, f/p - orc high priest
Aim: an orc high priest, wielding a +0 flail (moderately wounded, umbra, chance to affect: 31%)
The orc high priest easily resists.
Your shadow mimicks your spell!
The orc high priest resists with almost no effort.
The orc high priest misses you. The orc hits you with a +0 flail.
The sun demon completely misses you.
Casting: Ensorcelled Hibernation (safe; 1% risk of failure)
Confirm with . or Enter, or press ? or * to list all spells.
You don't know that spell.
Casting: Ensorcelled Hibernation (safe; 1% risk of failure)
Confirm with . or Enter, or press ? or * to list all spells.
Your paws begin to glow red.
The orc high priest closely misses you. The orc closely misses you.
The sun demon misses you.
Press: ? - help, v - describe, . - travel, g - get item
Here: an orc high priest, wielding a +0 flail (lightly wounded, chance to confuse on hit: 40%, umbra)
Items here: )) [[ †.
The floor, spattered with blood.
Unknown command.
The orc completely misses you.
You barely miss the orc high priest.
The orc high priest is lightly wounded.
Your shadow barely misses the orc high priest.
The orange demon stings you but does no damage.
The orange demon hits you.
* * * LOW HITPOINT WARNING * * *
You feel your attacks grow feeble.
The orc high priest prays.
The orc high priest calls down the wrath of Beogh upon you.
Beogh smites you!
You die...

#..#___#___#__#$#$$###$
#..#)..#__)#._#..o.o.o.
#..###'#'###'##...o)o.o
#..#..........#$o§ooooo
...'.⌠...)....#.oo$#
...#...######'#.#
...#.⌠.#__#...#)#################
...#...#__#...#†oo3#)#)#)....#^..
...#'###__#...##@#))#.##.###.#..^
...#.))#__#...'##4#.#.##.#.)##...
...#___#__'...#§o.#..#..##..'..^.
▓▓▓▓▓▓▓▓▓▓▓▓▓▓▓▓▓▓▓▓▓▓▓▓▓▓▓▓#....
♣≈≈≈........≈≈≈...#..^.
+♣≈≈≈≈≈≈≈≈≈≈≈≈♣♣P.'....
♣♣♣♣♣♣♣♣♣♣♣♣♣♣♣PP#^... ♣♣♣##'##
#...+


You could see an orc high priest, an orange demon (summoned), a smoke demon
(summoned) and an orc.

Vanquished Creatures
  Dowan (D)
  Erolcha (D)
  2 orc high priests (D)
  A deep elf pyromancer (D)
  2 orc sorcerers (D)
  Duvessa (D)
  3 wandering mushrooms (D)
  A shadow (D)
  2 redbacks (D)
  A spatial vortex (D)
  An orc warrior (D)
  5 two-headed ogres (D)
  A necrophage (D)
  A scorpion (D)
  A water elemental (D)
  A jelly (D)
  An orc priest (D)
  An orc wizard (D)
  A necromancer (D)
  A wizard (D)
  A kobold demonologist (D)
  3 humans (D)
  6 orcs (D)
  4 rats (D)
43 creatures vanquished.

Notes
Turn   | Place    | Note
-------+----------+-------------------------------------------
     0 | D        | mhtbhm the Felid Enchanter began the quest for the Orb.
     0 | D        | Reached XP level 1. HP: 7/7 MP: 4/4
    45 | D        | Noticed a scorpion
    60 | D        | Killed a scorpion
    61 | D        | Reached skill level 7 in Stealth
    61 | D        | Reached XP level 2. HP: 11/11 MP: 7/7
    61 | D        | Reached XP level 3. HP: 14/14 MP: 8/8
    70 | D        | Reached skill level 8 in Stealth
    70 | D        | Reached XP level 4. HP: 17/18 MP: 8/10
   172 | D        | Learned a level 2 spell: Ensorcelled Hibernation
   176 | D        | Learned a level 3 spell: Confusing Touch
   180 | D        | Learned a level 3 spell: Tukima's Dance
   198 | D        | Noticed a water elemental
   204 | D        | Killed a water elemental
   205 | D        | Reached skill level 9 in Stealth
   205 | D        | Reached XP level 5. HP: 21/21 MP: 10/12
   224 | D        | Found a shadowy altar of Dithmenos.
   225 | D        | Found a basalt altar of Yredelemnul.
   225 | D        | Found a sacrificial altar of Ru.
   227 | D        | Reached skill level 5 in Dodging
   227 | D        | Reached skill level 10 in Stealth
   237 | D        | Reached skill level 10 in Hexes
   240 | D        | Became a worshipper of Dithmenos the Shadowed
   246 | D        | Found a hide-covered altar of Uskayaw.
   246 | D        | Found an iron altar of Okawaru.
   247 | D        | Found a bloodstained altar of Trog.
   247 | D        | Found an ornate altar of the Wu Jian Council.
   247 | D        | Noticed a human
   247 | D        | Noticed a human
   250 | D        | Killed a human
   251 | D        | Reached skill level 12 in Stealth
   251 | D        | Reached skill level 5 in Unarmed Combat
   251 | D        | Gained mutation: You are covered in thick fur. (AC +2)
                  | [Felid growth]
   251 | D        | Reached XP level 6. HP: 19/24 MP: 9/14
   253 | D        | Killed a human
   254 | D        | Reached skill level 13 in Stealth
   254 | D        | Reached skill level 5 in Spellcasting
   255 | D        | Found a glowing silver altar of Zin.
   255 | D        | Found a glowing golden altar of the Shining One.
   255 | D        | Found a white marble altar of Elyvilon.
   255 | D        | Noticed a deep elf pyromancer
   258 | D        | Killed a deep elf pyromancer
   258 | D        | Reached * piety under Dithmenos
   259 | D        | Reached skill level 15 in Stealth
   259 | D        | Reached skill level 1 in Ice Magic
   259 | D        | Reached XP level 7. HP: 22/27 MP: 6/17
   266 | D        | Found a radiant altar of Vehumet.
   266 | D        | Found a shimmering blue altar of Sif Muna.
   266 | D        | Found an ancient bone altar of Kikubaaqudgha.
   369 | D        | Learned a level 3 spell: Dazzling Flash
   374 | D        | Learned a level 4 spell: Fulminant Prism
   381 | D        | Noticed a shadow
   383 | D        | Killed a shadow
   383 | D        | Reached ** piety under Dithmenos
   384 | D        | Reached XP level 8. HP: 31/31 MP: 18/18
   389 | D        | Found a blossoming altar of Fedhas.
   389 | D        | Found a stormy altar of Qazlal.
   390 | D        | Found a snail-covered altar of Cheibriados.
   390 | D        | Found a burning altar of Makhleb.
   391 | D        | Found a shimmering altar of Xom.
   392 | D        | Found a hazy altar of Hepliaklqana.
   392 | D        | Found an opulent altar of Gozag.
   392 | D        | Found a sparkling altar of Nemelex Xobeh.
   392 | D        | Found a corrupted altar of Lugonu.
   392 | D        | Found a viscous altar of Jiyva.
   397 | D        | Reached skill level 16 in Stealth
   418 | D        | Reached *** piety under Dithmenos
   426 | D        | Noticed a two-headed ogre
   429 | D        | Killed a two-headed ogre
   430 | D        | Reached skill level 17 in Stealth
   433 | D        | Noticed a two-headed ogre
   433 | D        | Noticed Erolcha
   450 | D        | Killed Erolcha
   451 | D        | Reached skill level 19 in Stealth
   451 | D        | Reached skill level 1 in Conjurations
   451 | D        | Reached XP level 9. HP: 34/34 MP: 3/20
   486 | D        | Killed a two-headed ogre
   486 | D        | Reached **** piety under Dithmenos
   615 | D        | Reached skill level 1 in Invocations
   640 | D        | Noticed a wandering mushroom
   644 | D        | Noticed a wandering mushroom
   647 | D        | Noticed a wandering mushroom
   655 | D        | Reached skill level 20 in Stealth
   785 | D        | Killed a wandering mushroom
   786 | D        | Reached skill level 10 in Unarmed Combat
   791 | D        | Killed a wandering mushroom
   823 | D        | Noticed Dowan
   823 | D        | Noticed Duvessa
   825 | D        | Killed Duvessa
   827 | D        | Killed Dowan
   827 | D        | Reached ***** piety under Dithmenos
   828 | D        | Reached skill level 21 in Stealth
   828 | D        | Reached XP level 10. HP: 34/37 MP: 15/23
   875 | D        | Noticed an orc high priest
   876 | D        | Noticed an orc high priest
   877 | D        | Noticed an orc sorcerer
   877 | D        | Noticed an orc sorcerer
   877 | D        | Noticed an orc high priest
   894 | D        | Killed an orc high priest
   895 | D        | Reached skill level 5 in Invocations
   896 | D        | Noticed a rust devil
   901 | D        | Killed an orc sorcerer
   901 | D        | Slain by an orc high priest
   902 | D        | Reached XP level 9. HP: -2/34 MP: 6/22
   902 | D        | Reached skill level 15 in Hexes
   914 | D        | Killed an orc sorcerer
   915 | D        | Reached skill level 22 in Stealth
   919 | D        | Mangled by an orc high priest
   920 | D        | Reached XP level 8. HP: -6/31 MP: 17/22
   924 | D        | Killed an orc high priest
   924 | D        | Reached ****** piety under Dithmenos
   925 | D        | Reached XP level 9. HP: 34/34 MP: 20/23
   941 | D        | Noticed a smoke demon
   943 | D        | Noticed a sun demon
   945 | D        | Noticed an orange demon
   946 | D        | Killed from afar by an orc high priest

Illustrated notes

Levels and vault maps discovered:
D:        dungeon_sprint_mu [sprint_mu_entry_cave, sprint_mu_temple_rooms,
          sprint_mu_d1_spiders, sprint_mu_d2_genie, sprint_mu_d3_branching,
          sprint_mu_orc_legion, sprint_mu_elf_gauntlet, sprint_mu_hive_nellie,
          sprint_mu_lair_fedhas, sprint_mu_vaults_butterflies,
          sprint_mu_slime_circle, sprint_mu_swamp_cave, sprint_mu_snake_twists,
          sprint_mu_blade_basic, sprint_mu_crypt_fortress,
          sprint_mu_tomb_spiral, sprint_mu_vestibule_basic,
          sprint_mu_gehenna_hellfire, sprint_mu_dis_giant,
          sprint_mu_tartarus_statrot, sprint_mu_cocytus_islands, sprint_mu_zot1]

Skill      XL: |  1  2  3  4  5  6  7  8  9 10 |
---------------+-------------------------------+-----
Dodging        | 3 4 5 6 7 |  7.8
Stealth        | 7 8 9 12 15 19 22 | 22.3
Unarmed Combat | 2 3 5 7 9 10 | 10.8
Spellcasting   | 3 4 6 7 9 |  9.4
Hexes          | 7 8 9 11 12 13 15 | 15.5
Ice Magic      | 1 2 3 |  3.6
Conjurations   | 1 2 |  2.6
Invocations    | 6 5 |  6.5
Fighting       | |  0.5

Action                   |  1- 3 |  4- 6 |  7- 9 | 10-12 || total
-------------------------+-------+-------+-------+-------++-------
Melee: Unarmed           |    21 |    15 |    38 |     8 ||    82
       Bite              |     2 |     1 |     2 |       ||     5
       Punch             |       |     2 |     4 |       ||     6
 Cast: Ensorcelled Hiber |       |     3 |    16 |     1 ||    20
       Confusing Touch   |       |     1 |     4 |       ||     5
       Dazzling Flash    |       |       |     6 |     6 ||    12
Invok: Shadow Step       |       |       |     2 |       ||     2
Evoke: Tin of tremorston |       |       |     1 |     1 ||     2
  Use: Potion            |     1 |     1 |       |     4 ||     6
 Stab: Sleeping          |     4 |     5 |    17 |       ||    26
       Invisible         |       |     1 |     3 |     2 ||     6
       Confused          |       |       |     1 |       ||     1
Armor: Skin              |       |       |     1 |       ||     1
Dodge: Dodged            |    12 |    10 |    34 |    10 ||    66

Table legend: (Time is in decaauts)
 A = Elapsed time spent in this place.
 B = Non-inter-level travel time spent in this place.
 C = Inter-level travel time spent in this place.
 D = Time resting spent in this place.
 E = Time spent auto-exploring this place.
 F = Levels seen in this place.
 G = Mean time per level.
                   A        B        C        D        E       F      G
               +--------+--------+--------+--------+--------+-----+--------+
         Total |    881 |    881 |      0 |    458 |     19 |   1 |  881.0 |
       Dungeon |    881 |    881 |      0 |    458 |     19 |   1 |  881.0 |
               +--------+--------+--------+--------+--------+-----+--------+

Top non-repeatable levels by time:
       D: 881 daAuts
